 Dungeon Crawl Stone Soup version 0.27-a0-1182-gee19b5822f (webtiles) character file.

Game seed: 12159990251874140415

2 Froggeryz the Sneak (level 1, -1/19 HPs)
             Began as a Ghoul Delver on May 18, 2021.
             Slain by a scorpion zombie (7 damage)
             ... on level 2 of the Dungeon.
             The game lasted 00:01:05 (275 turns).

Froggeryz the Sneak (Ghoul Delver)                   Turns: 275, Time: 00:01:05

Health: -1/19      AC:  3    Str: 15    XL:     1   Next: 30%
Magic:  0/0        EV: 11    Int:  5    God:
Gold:   25         SH:  0    Dex: 10    Spells: 0/0 levels left

rFire    . . .     SeeInvis .     - Unarmed
rCold    + . .     Faith    .   (no shield)
rNeg     + + +     Spirit   .   a - +0 leather armour
rPois    ∞         Reflect  .   (no helmet)
rElec    .         Harm     .   (no cloak)
rCorr    .         Rampage  .   (no gloves)
Will     .....                  (no boots)
Stlth    +++.......             (no amulet)
HPRegen  0.00/turn              (no ring)
MPRegen  0.07/turn              (no ring)

@: no status effects
A: claws 1, cold resistance 1, negative energy resistance 3, inhibited
regeneration, torment resistance 2
a: no special abilities


You were on level 2 of the Dungeon.
You visited 1 branch of the dungeon, and saw 4 of its levels.

You collected 25 gold pieces.

Inventory:

Missiles
 g - 2 throwing nets (quivered)
Armour
 a - a +0 leather armour (worn)
Wands
 f - a wand of digging (3)
Scrolls
 b - a scroll of fog
 c - a scroll of magic mapping
 d - a scroll of fear


   Skills:
 - Level 3.2 Fighting
 - Level 1.7 Dodging
 - Level 5.4 Stealth
 * Level 2.4 Unarmed Combat


You couldn't memorise any spells.
You didn't know any spells.
Your spell library was empty.

Dungeon Overview and Level Annotations

Branches:
Dungeon (5/15)
 Temple: D:4-7

Altars:


Innate Abilities, Weirdness & Mutations

You thrive by killing the living.
You are immune to poison.
You have sharp fingernails.
Your flesh is cold resistant. (rC+)
You are immune to negative energy. (rN+++)
You do not regenerate when monsters are visible.
You are immune to unholy pain and torment.


Message History

There is a stone staircase leading up here.
You climb upwards.
A goblin and 2 orcs come into view.
The orc shouts!
There is a stone staircase leading down here.
The orc shouts!
The goblin shouts!
You feel yourself slow down.
A rat comes into view.
Found an executioner's axe.
Found a stone staircase leading up.
There is a stone staircase leading up here.
You climb upwards.
An endoplasm comes into view.
There is a stone staircase leading down here.
A rat comes into view.
A hobgoblin comes into view.
You start resting.
A scorpion zombie comes into view.
You scratch the scorpion zombie.
The scorpion zombie is lightly damaged.
The scorpion zombie barely misses you.
You scratch the scorpion zombie.
The scorpion zombie is lightly damaged.
The scorpion zombie barely misses you.
You scratch the scorpion zombie.
The scorpion zombie is moderately damaged.
The scorpion zombie hits you.
You scratch the scorpion zombie but do no damage.
The scorpion zombie is moderately damaged.
The scorpion zombie hits you.
You scratch the scorpion zombie but do no damage.
The scorpion zombie is moderately damaged.
The scorpion zombie closely misses you.
You barely miss the scorpion zombie.
The scorpion zombie is moderately damaged.
The scorpion zombie misses you.
You scratch the scorpion zombie.
The scorpion zombie is moderately damaged.
The scorpion zombie hits you!
You die...

##### #...#
#...#####
#.......#
#.......###
#....r.....
#.......#
##.#....#
#@#g...#
#Z#....#
#.######
#.#######
#>.......
#.#######
... .....
J......


You could see a scorpion zombie.

Vanquished Creatures
  An orc (D:5)
1 creature vanquished.

Notes
Turn   | Place    | Note
-------+----------+-------------------------------------------
     0 | D:5      | Froggeryz the Ghoul Delver began the quest for the Orb.
     0 | D:5      | Reached XP level 1. HP: 19/19 MP: 0/0
     6 | D:4      | Noticed a necrophage
    10 | D:5      | Noticed an ogre
   275 | D:2      | Slain by a scorpion zombie

Illustrated notes

Levels and vault maps discovered:
D:2:      cheibrodos_fertilizer, layout_basic,
          ebering_ecumenical_altar_sacrificial, minmay_pentomino_v2
D:3:      layout_basic, guppyfry_early_orc_mine
D:4:      layout_cave_pools, minmay_temple_entry_statues, portal_sewer_entry_f
D:5:      layout_cave_pools, grunt_temple_overflow_open, serial_column_ruins,
          column_ruins_columns_corner, column_ruins_columns_corner,
          column_ruins_grid_3, column_ruins_open_small, column_ruins_grid_1,
          kennysheep_flooded_box, uniq_menkaure

Action                   || total
-------------------------++-------
Melee: Unarmed           ||    17
  Use: Potion            ||     1
Armor: Leather armour    ||     2
Dodge: Dodged            ||     7

Table legend: (Time is in decaauts)
 A = Elapsed time spent in this place.
 B = Non-inter-level travel time spent in this place.
 C = Inter-level travel time spent in this place.
 D = Time resting spent in this place.
 E = Time spent auto-exploring this place.
 F = Levels seen in this place.
 G = Mean time per level.
                   A        B        C        D        E       F      G
               +--------+--------+--------+--------+--------+-----+--------+
         Total |    254 |    254 |      0 |    114 |      0 |   4 |   63.5 |
       Dungeon |    254 |    254 |      0 |    114 |      0 |   4 |   63.5 |
               +--------+--------+--------+--------+--------+-----+--------+

Top non-repeatable levels by time:
     D:2: 131 daAuts
     D:5: 96 daAuts
     D:4: 15 daAuts
     D:3: 11 daAuts
